 Dungeon Crawl Stone Soup version 0.24-a0-408-gcc1054c7ca (webtiles) character file.

Game seed: 1885281257007717917

483 Esekla the Magician (level 7, -1/43 HPs)
             Began as an Octopode Wizard on May 31, 2019.
             Slain by a sky beast (2 damage)
             ... on level 6 of the Dungeon on June 5, 2019.
             The game lasted 00:39:36 (4977 turns).

Esekla the Magician (Octopode Wizard)               Turns: 4977, Time: 00:39:37

Health: -1/43      AC:  1    Str:  8    XL:     7   Next: 12%
Magic:  19/21      EV: 19    Int: 21    God:
Gold:   200        SH:  0    Dex: 15    Spells: 5/14 levels left

rFire    + . .     SeeInvis .   f - +0 dagger (vamp)
rCold    + . .     Gourm    .   (no shield)
rNeg     . . .     Faith    .   a - +0 hat
rPois    +         Spirit   .   h - amulet of magic regeneration
rElec    +         Reflect  .   p - ring of magical power
rCorr    +         Harm     .   s - ring of protection from magic
MR       +....                  (no ring)
Stlth    ++++......             (no ring)
HPRegen  0.14/turn              (no ring)
MPRegen  0.42/turn              (no ring)
                                (no ring)
                                (no ring)

@: agile, resistant
A: almost no armour, stealthy swim, amphibious, 8 rings, constrict 8, tentacle
spike 1, camouflage 1, low mp 1, sense surroundings 1, gelatinous body 1
a: no special abilities


You were on level 6 of the Dungeon.
You were not hungry.

You visited 1 branch of the dungeon, and saw 6 of its levels.

You collected 200 gold pieces.

Inventory:

Hand Weapons
 b - a +0 short sword
 f - a +0 vampiric dagger (weapon)
 m - a +0 falchion
 w - a +0 spear
 y - a +0 short sword of electrocution
 z - the +5 mace of Fatigue {crush, rF+ Str+4, unknown}
   (You found it on level 5 of the Dungeon)

   It inflicts extra damage upon your enemies.
   It affects your strength (+4).
   It protects you from fire.
Armour
 a - a +0 hat (worn)
Jewellery
 h - an amulet of magic regeneration (around mantle)
 p - a ring of magical power (left tentacle)
 s - a ring of protection from magic (right tentacle)
 x - an uncursed amulet of harm
Scrolls
 c - a scroll of fear {unknown}
 e - a scroll of vulnerability {unknown}
 l - 3 scrolls of teleportation {unknown}
 n - a scroll of enchant armour {unknown}
 o - 3 scrolls of remove curse {unknown}
 q - a scroll of identify
 r - a scroll of enchant weapon {unknown}
 t - a scroll of brand weapon {unknown}
 u - a scroll of noise {unknown}
Potions
 d - a potion of resistance
 i - a potion of heal wounds {unknown}
 j - a potion of invisibility {unknown}
Comestibles
 v - 2 rations


   Skills:
 + Level 1.5 Fighting
 + Level 2.4(2.5) Short Blades
 + Level 0.6(1.7) Long Blades
 + Level 2.7 Dodging
 - Level 2.6 Stealth
 + Level 4.3 Spellcasting
 * Level 2.6 Conjurations
 * Level 1.2 Hexes
   Level 1.0 Summonings
 * Level 1.9 Translocations
 * Level 2.2 Air Magic
 * Level 2.0 Poison Magic


You had 5 spell levels left.
You knew the following spells:

 Your Spells              Type           Power        Failure   Level  Hunger
a - Magic Dart            Conj           ###.         4%          1    None
b - Blink                 Tloc           N/A          8%          2    #......
c - Mephitic Cloud        Conj/Pois/Air  ##......     14%         3    ##.....
d - Dazzling Spray        Conj/Hex       ##....       16%         3    ##.....

Your spell library contained the following spells:

 Spells                   Type           Power        Failure   Level  Hunger
 Corona                   Hex            #......      7%          1    None
 Slow                     Hex            #.......     11%         2    #......
 Call Imp                 Summ           #.......     12%         2    #......
 Ensorcelled Hibernation  Hex/Ice        #.....       14%         2    #......
 Confuse                  Hex            #.......     21%         3    ##.....
 Conjure Flame            Conj/Fire      ##......     21%         3    ##.....
 Tukima's Dance           Hex            #.......     21%         3    ##.....


Dungeon Overview and Level Annotations

Branches:
Dungeon (6/15)
 Temple: D:4-7

Altars:
Hepliaklqana
Okawaru
Qazlal
Ru
Sif Muna
Wu Jian
The Shining One

Shops:
D:4 %


Innate Abilities, Weirdness & Mutations

You cannot wear most types of armour.
You are very stealthy in the water. (Stealth+)
You are amphibious.
You can wear up to eight rings at the same time.
You can use your tentacles to constrict eight enemies at once.
Your skin changes colour to match your surroundings (Stealth+).
Your rubbery body absorbs attacks. (AC +1, EV +1)
One of your tentacles bears a spike.
Your magical capacity is low. (-10% MP)
You passively map a small area around you.


Message History

You closely miss something. Something barely misses you.
You closely miss something.
Your tentacle spike misses something.
Something hits you. Something shocks you.
* * * LOW HITPOINT WARNING * * *
You barely miss something.
It was a potion of resistance.
You feel protected. Something closely misses you.
You miss something.
Your tentacle spike misses something.
Something hits you.
* * * LOW HITPOINT WARNING * * *
Something shocks you. You resist.
* * * LOW HITPOINT WARNING * * *
Okay, then.
Okay, then.
Casting: Mephitic Cloud (safe; 14% risk of failure)
Confirm with . or Enter, or press ? or * to list all spells.
You blink.
Something hits you.
* * * LOW HITPOINT WARNING * * *
Something shocks you. You resist.
You die...

* ** ########## _
,#ยง{@...(.#
########.###########
* #............ ,
############. * * *
* **######### #. , ,
* ,* ,........# #.
*######.####. ,,
#........... * *
#.##########


There were no monsters in sight!

Vanquished Creatures
  2 scorpions (D:4)
  An orc priest (D:3)
  2 hounds
  3 orc wizards
  A worker ant (D:5)
  A hound skeleton (D:4)
  5 adders
  An ooze (D:2)
  An adder skeleton (D:5)
  3 worms
  5 dart slugs
  6 leopard geckos
  10 orcs
  2 ball pythons
  10 bats
  3 giant cockroaches
  11 goblins
  7 hobgoblins
  6 jackals
  13 kobolds
  3 quokkas
  2 frilled lizards
  10 rats
108 creatures vanquished.

Notes
Turn   | Place    | Note
-------+----------+-------------------------------------------
     0 | D:1      | Esekla the Octopode Wizard began the quest for the Orb.
     0 | D:1      | Reached XP level 1. HP: 11/11 MP: 4/4
    65 | D:1      | Reached XP level 2. HP: 12/17 MP: 6/6
   498 | D:1      | Reached XP level 3. HP: 19/21 MP: 5/8
   794 | D:1      | Reached skill level 4 in Spellcasting
   886 | D:1      | Learned a level 2 spell: Blink
   890 | D:1      | Learned a level 3 spell: Mephitic Cloud
   961 | D:2      | Reached XP level 4. HP: 17/27 MP: 10/10
  1922 | D:3      | Reached skill level 1 in Short Blades
  1965 | D:3      | Reached XP level 5. HP: 20/32 MP: 11/11
  2106 | D:3      | Found a hazy altar of Hepliaklqana.
  2109 | D:3      | Found a sacrificial altar of Ru.
  2118 | D:3      | Found an iron altar of Okawaru.
  2118 | D:3      | Found a stormy altar of Qazlal.
  2123 | D:3      | Found an ornate altar of the Wu Jian Council.
  2201 | D:3      | Learned a level 3 spell: Dazzling Spray
  2545 | D:3      | Reached skill level 1 in Poison Magic
  2768 | D:3      | Reached skill level 1 in Air Magic
  3081 | D:4      | Reached skill level 1 in Fighting
  3369 | D:4      | Found Akanim's Food Boutique.
  3460 | D:4      | Reached XP level 6. HP: 33/38 MP: 12/12
  3806 | D:4      | Gained mutation: You expend magic power (3 MP) to
                  | strengthen your wands. [potion of mutation]
  3806 | D:4      | Gained mutation: Your magical capacity is low. (-10% MP)
                  | [potion of mutation]
  3806 | D:4      | Gained mutation: One of your tentacles bears a spike.
                  | [potion of mutation]
  3807 | D:4      | Lost mutation: You expend magic power (3 MP) to strengthen
                  | your wands. [potion of mutation]
  3807 | D:4      | Lost mutation: One of your tentacles bears a spike. [potion
                  | of mutation]
  3807 | D:4      | Lost mutation: Your magical capacity is low. (-10% MP)
                  | [potion of mutation]
  3807 | D:4      | Gained mutation: You passively map a small area around you.
                  | [potion of mutation]
  3807 | D:4      | Gained mutation: Your magical capacity is low. (-10% MP)
                  | [potion of mutation]
  3807 | D:4      | Gained mutation: One of your tentacles bears a spike.
                  | [potion of mutation]
  3809 | D:5      | Entered Level 5 of the Dungeon
  3813 | D:5      | Found a glowing golden altar of the Shining One.
  3822 | D:5      | Found a deep blue altar of Sif Muna.
  4079 | D:4      | Reached skill level 1 in Hexes
  4603 | D:6      | Noticed an orc warrior
  4625 | D:6      | HP: 1/38 [jackal (2)]
  4633 | D:6      | HP: 1/38 [orc wizard/+0 dagger (4)]
  4639 | D:6      | Reached XP level 7. HP: 7/43 MP: 12/12
  4854 | D:5      | Upgraded the game from 0.24-a0-375-g4de66ed42b to
                  | 0.24-a0-408-gcc1054c7ca
  4901 | D:5      | Got an ichor-stained mace
  4977 | D:6      | HP: 1/43 [something (3)]
  4977 | D:6      | Slain by a sky beast

Levels and vault maps discovered:
D:1:      scummos_arrival_checkerplants, layout_rooms
D:2:      layout_loops_ring, eino_curves_03, minmay_liquid_box
D:3:      layout_loops_corners, minitemple, minmay_bisected
D:4:      layout_loops_corners, serial_shops, nicolae_shop_stone,
          grunt_ministairs_12, nrook_campfire, minmay_hedge_maze
D:5:      layout_basic, kennysheep_mini, serial_shops, shop, basic_altar,
          first_ration
D:6:      layout_loops_ring, lemuel_round_altar

Skill      XL: |  1  2  3  4  5  6  7 |
---------------+----------------------+-----
Spellcasting   | 4 |  4.3
Conjurations   | 2 |  2.6
Short Blades   | 1 2 |  2.4
Poison Magic   | 1 2 |  2.0
Air Magic      | 1 2 |  2.2
Fighting       | 1 |  1.5
Hexes          | 1 |  1.2
Long Blades    | |  0.6
Dodging        | |  2.7
Stealth        | |  2.6
Summonings     | |  1.0
Translocations | |  1.9

Action                   |  1- 3 |  4- 6 |  7- 9 || total
-------------------------+-------+-------+-------++-------
Melee: Short sword       |    71 |    45 |       ||   116
       Constrict         |    21 |    40 |     1 ||    62
       Tentacles         |     9 |    20 |     2 ||    31
       Unarmed           |     2 |       |       ||     2
       Falchion          |       |    17 |       ||    17
       Dagger            |       |   137 |    16 ||   153
       Kick              |       |    11 |       ||    11
 Cast: Magic Dart        |    22 |    34 |     8 ||    64
       Mephitic Cloud    |       |     3 |     1 ||     4
       Blink             |       |     4 |     3 ||     7
  Use: Scroll            |       |     4 |       ||     4
       Potion            |       |     5 |     3 ||     8
 Stab: Sleeping          |     7 |    17 |     1 ||    25
       Distracted        |       |     1 |       ||     1
       Confused          |       |     1 |       ||     1
  Eat: Ration            |       |     3 |       ||     3
       Chunk             |       |     3 |       ||     3
Armor: Skin              |     5 |    13 |     1 ||    19
Dodge: Dodged            |    34 |   104 |    11 ||   149
       Rpst.: Falchion   |       |     3 |       ||     3

Table legend:
 A = Non-vault XP
 B = Vault XP
 C = Vault XP percentage of total XP
 D = Non-vault monster count
 E = Vault monster count
 F = Vault count percentage of total count
                 A         B        C        D         E       F
            +---------+---------+-------+---------+---------+-------
      Total |     580 |     110 |  15.9 |     104 |       4 |   3.7
            +---------+---------+-------+---------+---------+-------
        D:1 |      56 |       0 |   0.0 |      31 |       0 |   0.0
        D:2 |      87 |       0 |   0.0 |      28 |       0 |   0.0
        D:3 |     154 |       3 |   1.9 |      24 |       2 |   7.7
        D:4 |     131 |     107 |  45.0 |       7 |       2 |  22.2
        D:5 |     101 |       0 |   0.0 |       9 |       0 |   0.0
        D:6 |      51 |       0 |   0.0 |       5 |       0 |   0.0
            +---------+---------+-------+---------+---------+-------
